Map: Year Zero LE

Players

Lambo

  • Race: Zerg Zerg
  • Spawn Location: 11:00

Serral - Winner!

  • Race: Zerg Zerg
  • Spawn Location: 1:00

Event: 2019 WCS Spring

VOD

Have the link to the VOD?

Description

Time

  • Played on: May 18, 2019, 1:49 p.m.
  • Length: 6:57

All games in this series

Show
View Real Time Build Order
Export as new Build Order

Lambo Zerg 

Build Orders: Hatch First 

Get SALT Encoding   

  12  0:01  Drone  
  13  0:14  Overlord  
  13  0:19  Drone  
  14  0:33  Drone x2  
  16  0:49  Hatchery  
  15  0:53  Drone  
  15  0:57  Drone  
  17  1:00  Drone  
  18  1:11  Extractor  
  18  1:15  Spawning Pool  
  16  1:18  Drone  
  16  1:22  Drone  
  18  1:29  Drone  
  19  1:42  Drone  
  20  1:53  Drone  
  21  2:01  Queen x2  
  21  2:02  Drone  
  21  2:03  Overlord  
  26  2:11  Metabolic Boost  
  26  2:13  Drone  
  27  2:16  Drone  
  28  2:24  Zergling x4  
  30  2:37  Hatchery  
  30  2:40  Drone  
  30  2:44  Drone  
  31  2:46  Drone x2  
  33  2:56  Baneling Nest  
  33  2:57  Overlord  
  32  3:06  Drone  
  32  3:08  Drone  
  32  3:10  Drone  
  32  3:11  Drone  
  36  3:18  Zergling x8  
  40  3:22  Overlord  
  40  3:26  Drone x2  
  42  3:31  Evolution Chamber  
  40  3:35  Drone  
  40  3:41  Queen, Drone x2  
  43  3:45  Drone x2  
  47  3:48  Drone x2  
  47  3:50  Drone  
  47  3:53  Drone  
  51  3:58  Zerg Missile Weapons Level 1, Drone  
  51  4:01  Overlord  
  52  4:09  Drone x2  
  54  4:11  Drone x2  
  54  4:14  Roach Warren  
  55  4:17  Extractor  
  55  4:18  Drone x2  
  55  4:19  Extractor  
  55  4:20  Drone  
  55  4:21  Drone  
  55  4:23  Drone  
  58  4:25  Drone  
  58  4:27  Drone x2  
  61  4:32  Lair  
  61  4:34  Drone  
  61  4:37  Drone  
  61  4:38  Overlord  
  63  4:39  Drone  
  63  4:41  Drone  
  63  4:44  Drone  
  66  4:47  Pneumatized Carapace  
  66  4:50  Overlord  
  65  4:57  Drone x7  
  65  4:58  Drone  
  73  5:03  Overlord  
  73  5:08  Extractor  
  73  5:10  Extractor, Drone  
  73  5:12  Drone x2  
  73  5:14  Drone x2  
  76  5:15  Drone  
  76  5:18  Extractor, Drone  
  76  5:20  Drone x2  
  79  5:25  Overlord  
  79  5:33  Roach x5  
  79  5:34  Overseer  
  79  5:35  Hatchery  
  87  5:38  Overlord  
  87  5:40  Overlord  
  87  5:41  Roach  
  89  5:48  Overlord, Evolution Chamber  
  88  5:53  Roach x4  
  88  5:56  Overlord  
  96  5:57  Roach x2  
  96  6:03  Spine Crawler, Roach x5  
  111  6:06  Roach  
  111  6:10  Overlord  
  113  6:12  Overlord  
  113  6:14  Overlord  
  113  6:16  Roach  
  115  6:19  Roach  
  115  6:20  Ravager x2  
  115  6:25  Roach  
  121  6:26  Overlord  
  121  6:27  Overlord  
  121  6:28  Overlord  
  121  6:31  Ravager  
  118  6:34  Roach x6  
  118  6:36  Roach x2  
Show
View Real Time Build Order
Export as new Build Order

Serral Zerg - Winner!

Build Orders: Hatch First, Roach Nydus 

Get SALT Encoding   

  12  0:00  Drone  
  13  0:13  Overlord  
  13  0:17  Drone  
  14  0:31  Drone x2  
  16  0:50  Hatchery  
  16  0:52  Drone  
  16  0:56  Drone  
  17  0:59  Drone  
  18  1:11  Extractor  
  17  1:15  Spawning Pool  
  16  1:18  Drone  
  16  1:22  Drone  
  18  1:28  Drone  
  19  1:39  Drone  
  20  1:50  Drone  
  21  2:00  Overlord  
  21  2:01  Queen x2  
  21  2:02  Zergling x2  
  26  2:11  Drone  
  26  2:12  Drone  
  28  2:22  Drone  
  29  2:23  Drone  
  30  2:32  Drone  
  30  2:33  Drone  
  32  2:38  Hatchery  
  32  2:41  Queen  
  33  2:46  Overlord  
  33  2:49  Drone  
  34  2:54  Drone  
  34  2:56  Drone  
  36  2:59  Roach Warren  
  36  3:05  Drone  
  36  3:08  Drone  
  36  3:09  Drone x2  
  36  3:11  Drone  
  40  3:13  Drone  
  40  3:15  Drone  
  42  3:20  Overlord  
  41  3:38  Overlord  
  41  3:39  Roach x2  
  41  3:40  Roach x2  
  49  3:45  Evolution Chamber  
  48  3:48  Roach x2  
  48  3:51  Overlord  
  48  3:53  Drone x3  
  55  3:57  Lair  
  55  4:08  Extractor x2, Overlord  
  53  4:14  Drone x5  
  53  4:15  Drone x2  
  60  4:20  Overlord  
  60  4:22  Zerg Missile Weapons Level 1  
  60  4:25  Drone x2  
  62  4:33  Roach  
  62  4:35  Drone x2  
  62  4:36  Drone x2  
  62  4:37  Overlord  
  68  4:42  Overlord  
  68  4:45  Drone x2  
  70  4:50  Drone x3  
  74  4:52  Drone  
  74  4:53  Drone x2  
  74  4:57  Glial Reconstitution  
  76  5:00  Extractor  
  76  5:01  Extractor  
  76  5:03  Drone x2  
  76  5:05  Overlord  
  76  5:07  Roach  
  78  5:10  Roach  
  78  5:11  Roach  
  78  5:12  Overseer  
  82  5:15  Overlord  
  82  5:18  Roach x2  
  86  5:22  Roach x2  
  86  5:28  Roach x3  
  96  5:32  Roach x2  
  100  5:40  Nydus Network  
  100  5:42  Overlord  
  99  5:49  Roach x5  
  109  5:51  Roach  
  109  5:55  Roach x2  
  115  6:00  Roach x3  
  121  6:04  Overlord  
  121  6:06  Overlord  
  121  6:12  Roach  
  121  6:13  Roach x2  
  121  6:16  Nydus Canal  
  127  6:21  Roach  
  127  6:23  Overlord x2  
  127  6:24  Roach x2  
  133  6:26  Roach  
  133  6:29  Roach  
  133  6:31  Roach  
  137  6:35  Roach x2  
  137  6:38  Roach x2  
Tags
 
Add a new tag
Caveats
  • Supply blocks, unpowered buildings, or Contaminate may cause inaccurate times.
  • Supply counts are checked every 10 seconds.